Map: Catalyst LE

Players

HeRoMaRinE - Winner!

  • Race: Terran Terran
  • League: Master
  • Spawn Location: 5:00

MMA

  • Race: Terran Terran
  • Spawn Location: 11:00

Event: HomeStory Cup XVII

VOD

Have the link to the VOD?

Description

Time

  • Played on: June 29, 2018, 7:16 a.m.
  • Length: 11:37

All games in this series

Show
View Real Time Build Order
Export as new Build Order

HeRoMaRinE Terran - Winner!

Build Orders: Cyclone Opening, Bio Tank 

Get SALT Encoding   

  12  0:01  SCV  
  13  0:13  SCV  
  14  0:17  Supply Depot  
  14  0:25  SCV  
  14  0:28  Refinery  
  15  0:39  SCV  
  16  0:45  Barracks  
  16  0:51  SCV  
  16  0:55  Refinery  
  17  1:03  SCV  
  18  1:15  SCV  
  19  1:32  Orbital Command  
  19  1:33  Factory  
  19  1:37  Reaper  
  20  1:48  Supply Depot  
  20  1:58  SCV  
  21  2:09  Reaper  
  21  2:10  SCV  
  23  2:17  Hellion  
  23  2:22  SCV  
  26  2:29  Command Center  
  26  2:34  SCV  
  27  2:40  Cyclone  
  30  2:48  Starport  
  30  2:52  SCV  
  30  2:55  Supply Depot  
  31  3:01  Barracks Reactor  
  31  3:17  Cyclone, SCV  
  35  3:29  SCV  
  35  3:30  Supply Depot  
  37  3:41  SCV  
  37  3:42  Marine x2  
  37  3:44  Starport Tech Lab  
  37  3:45  Orbital Command  
  37  3:52  Cyclone  
  37  3:53  SCV  
  41  4:01  Marine x2  
  43  4:05  SCV  
  43  4:06  Viking  
  46  4:11  SCV  
  47  4:17  SCV  
  47  4:19  Marine x2  
  47  4:21  Supply Depot  
  47  4:23  SCV  
  51  4:29  SCV  
  52  4:35  SCV  
  53  4:41  SCV  
  54  4:47  SCV  
  54  4:48  Supply Depot  
  54  4:54  Raven, SCV  
  54  4:55  Factory Tech Lab  
  54  4:59  SCV  
  57  5:00  Command Center  
  57  5:07  Supply Depot, SCV  
  57  5:11  SCV  
  57  5:13  Marine x2  
  61  5:14  Refinery  
  61  5:16  Refinery  
  61  5:18  Siege Tank  
  61  5:20  SCV  
  65  5:23  SCV  
  66  5:32  SCV  
  67  5:35  SCV  
  67  5:38  Engineering Bay x2  
  68  5:45  Stimpack, Marine, SCV  
  68  5:47  Starport Reactor  
  70  5:51  SCV  
  70  5:56  Barracks  
  72  5:57  SCV  
  72  5:58  Siege Tank  
  72  5:59  Barracks  
  72  6:03  Marine, SCV  
  77  6:09  Terran Infantry Weapons Level 1, Terran Infantry Armor Level 1, SCV  
  78  6:15  Orbital Command, SCV  
  78  6:21  Marine  
  78  6:22  SCV  
  80  6:27  SCV  
  80  6:30  Siege Tank  
  84  6:33  Starport Reactor  
  84  6:37  SCV  
  84  6:38  Barracks x2  
  84  6:39  Marine, SCV  
  87  6:43  Marine x2  
  87  6:46  Orbital Command  
  89  6:50  SCV  
  89  6:52  SCV  
  89  6:53  Marine x2  
  93  7:02  Supply Depot x2  
  93  7:03  Refinery  
  93  7:05  Refinery  
  93  7:12  Supply Depot  
  93  7:20  Siege Tank, Marine x3, SCV x2  
  101  7:23  Medivac x2, SCV  
  101  7:27  Barracks Reactor x2  
  101  7:29  Armory, Marine  
  103  7:30  Marine  
  103  7:32  SCV x2  
  103  7:35  SCV  
  108  7:37  Marine x2  
  108  7:39  Marine  
  111  7:44  SCV x2  
  111  7:46  Combat Shields  
  111  7:47  Marine x2, SCV  
  115  7:53  Medivac  
  115  7:55  Marine x2  
  115  7:56  Marine, SCV x2  
  115  7:57  Supply Depot  
  122  7:59  SCV  
  122  8:04  Marine x3  
  125  8:07  Marine  
  125  8:11  SCV  
  125  8:12  Supply Depot  
  125  8:14  Supply Depot  
  125  8:15  Marine  
  125  8:16  SCV  
  125  8:17  Marine x2, SCV  
  125  8:18  Marine  
  118  8:20  Marine  
  118  8:22  Marine x3  
  118  8:23  SCV  
  118  8:24  Marine  
  119  8:27  Siege Tank  
  119  8:28  SCV  
  119  8:29  SCV  
  119  8:33  Marine  
  125  8:34  Marine  
  125  8:35  Marine, SCV  
  125  8:36  Factory  
  125  8:38  Marine x2  
  125  8:39  Medivac x2, Marine  
  136  8:45  Terran Infantry Armor Level 2  
  136  8:47  Terran Vehicle Weapons Level 1  
  136  8:53  Supply Depot  
  135  8:56  Supply Depot, Marine x7  
  142  9:03  Siege Tank  
  142  9:05  Marine  
  142  9:06  Sensor Tower  
  146  9:14  Barracks Reactor, Marine x2  
  146  9:16  Marine  
  146  9:17  Marine x3  
  149  9:18  Marine  
  149  9:23  Marine  
  151  9:25  SCV x2  
  151  9:26  SCV  
  150  9:32  Marine x2  
  150  9:34  Marine x2  
  150  9:35  Marine x3, Siege Tank  
  150  9:37  SCV  
  150  9:38  SCV  
  152  9:40  Siege Tank  
  152  9:41  Marine  
  152  9:43  Medivac  
  148  9:49  Marine  
  148  9:50  Marine  
  148  9:52  Marine x3  
  145  9:53  Marine x2  
  145  9:55  Marine x2  
  145  9:59  Marine  
  121  10:07  Marine x2  
  121  10:08  Siege Tank  
  121  10:10  Marine x3  
  121  10:11  Marine x2  
  121  10:13  Marine x2  
  121  10:14  Siege Tank  
  133  10:15  Medivac x2  
  133  10:17  Marine  
  138  10:25  Marine x2  
  138  10:28  Marine x3  
  140  10:29  Marine x2  
  140  10:30  Marine  
  140  10:31  Marine  
  140  10:33  Refinery  
  140  10:34  Marine  
  140  10:35  Refinery  
  146  10:40  Siege Tank  
  149  10:43  Marine x2  
  149  10:45  Marine  
  149  10:46  Marine x2, Siege Tank  
  149  10:47  Marine x2  
  149  10:48  Marine x2  
  161  10:52  Medivac x2  
  165  10:58  Marine  
  165  11:01  Marine x2  
  165  11:02  Supply Depot  
  165  11:03  Marine x2  
  165  11:04  Marine  
  148  11:08  Marine  
  148  11:09  Marine x2  
  148  11:17  Marine x2  
  156  11:18  Marine  
  156  11:19  Marine  
  156  11:25  Command Center  
Show
View Real Time Build Order
Export as new Build Order

MMA Terran 

Build Orders: Cyclone Opening, Bio Tank, Cyclone Timing 

Get SALT Encoding   

  12  0:00  SCV  
  13  0:13  SCV  
  14  0:18  Supply Depot  
  14  0:25  SCV  
  14  0:28  Refinery  
  15  0:39  SCV  
  16  0:44  Barracks  
  16  0:51  SCV  
  16  0:55  Refinery  
  17  1:03  SCV  
  18  1:15  SCV  
  19  1:32  Orbital Command, Factory  
  19  1:35  Reaper  
  20  1:46  Supply Depot  
  20  1:57  SCV  
  21  2:07  Reaper  
  22  2:09  SCV  
  23  2:16  Cyclone  
  23  2:22  SCV  
  27  2:32  Command Center  
  27  2:40  Starport  
  27  2:43  Barracks Reactor  
  27  2:48  Supply Depot  
  27  2:51  SCV  
  28  3:04  Cyclone  
  31  3:10  SCV  
  32  3:20  Marine x2  
  32  3:21  Medivac  
  32  3:22  SCV  
  37  3:34  SCV  
  37  3:42  Marine x2  
  37  3:45  Cyclone, Orbital Command  
  42  3:49  SCV  
  42  3:53  Starport Tech Lab  
  43  4:00  Marine x2  
  43  4:02  SCV  
  46  4:04  Supply Depot  
  46  4:12  SCV  
  46  4:14  SCV  
  48  4:17  Marine x2  
  48  4:18  Factory Tech Lab  
  48  4:20  Supply Depot  
  50  4:25  Raven  
  50  4:29  SCV  
  50  4:30  SCV  
  54  4:35  Supply Depot  
  54  4:41  SCV  
  54  4:42  Marine, SCV  
  54  4:43  Marine  
  55  4:53  SCV  
  55  4:54  SCV  
  55  4:57  Command Center  
  57  5:05  SCV  
  57  5:06  SCV  
  59  5:14  Stimpack, Starport Reactor  
  59  5:16  Barracks  
  59  5:17  Barracks  
  59  5:18  SCV x2  
  61  5:25  Marine  
  61  5:26  Siege Tank  
  65  5:30  SCV x2  
  67  5:35  Refinery  
  67  5:37  Refinery  
  67  5:42  SCV  
  68  5:43  SCV  
  68  5:44  Marine  
  68  5:48  Engineering Bay  
  68  5:49  Engineering Bay  
  70  5:54  SCV  
  70  5:55  SCV  
  72  5:58  Siege Tank  
  75  6:04  Starport Reactor  
  75  6:06  SCV  
  75  6:07  SCV  
  77  6:14  Orbital Command  
  77  6:21  Marine x4  
  77  6:22  Marine  
  82  6:26  SCV  
  82  6:27  SCV  
  82  6:28  Terran Infantry Armor Level 1, Terran Infantry Weapons Level 1  
  84  6:33  Supply Depot  
  84  6:34  Siege Tank  
  87  6:42  Marine x5  
  87  6:44  SCV  
  87  6:45  Orbital Command  
  93  6:55  Supply Depot, Medivac x2, SCV  
  93  6:56  Supply Depot  
  98  7:02  SCV  
  98  7:07  SCV  
  99  7:10  Marine x2  
  99  7:11  Marine x2  
  101  7:17  Combat Shields, Marine, Siege Tank  
  101  7:19  SCV x2  
  101  7:21  SCV  
  108  7:23  Refinery  
  108  7:24  Refinery  
  108  7:25  Supply Depot  
  108  7:28  Supply Depot, Marine  
  109  7:31  SCV  
  109  7:32  SCV  
  109  7:33  Marine x3  
  109  7:34  Marine, SCV  
  116  7:43  SCV, Barracks  
  117  7:46  Barracks  
  117  7:47  Medivac, SCV  
  117  7:49  Medivac, Siege Tank  
  125  7:57  Armory  
  125  8:00  SCV x3  
  127  8:06  Supply Depot  
  127  8:09  Marine x4  
  127  8:10  Marine  
  127  8:12  SCV  
  133  8:18  SCV x2  
  124  8:24  SCV  
  124  8:25  Siege Tank  
  114  8:30  SCV x2  
  114  8:34  Marine x4  
  116  8:35  Barracks Reactor, Marine  
  116  8:37  SCV  
  122  8:42  SCV  
  123  8:49  Sensor Tower, Factory  
  123  8:52  Terran Infantry Armor Level 2  
  123  8:53  Terran Infantry Weapons Level 2  
  123  8:56  Barracks Reactor  
  123  8:59  Marine x4  
  123  9:00  Marine  
  129  9:02  SCV  
  129  9:03  SCV  
  129  9:08  Supply Depot  
  129  9:09  Supply Depot  
  130  9:16  Marine x2  
  129  9:17  Marine x2  
  129  9:25  Command Center  
  129  9:29  Marine x3  
  132  9:36  Marine x3  
  132  9:37  Marine  
  119  9:40  Medivac  
  119  9:43  Marine  
  114  9:47  Marine  
  114  9:48  Marine  
  114  9:49  Marine x2  
  116  9:54  Marine x4  
  120  10:01  Marine  
  120  10:05  Marine x2  
  120  10:06  Marine  
  120  10:07  Marine  
  111  10:12  Marine x4  
  113  10:18  Marine  
  111  10:28  Siege Tank x2  
  117  10:40  Command Center  
  117  10:53  Viking x2  
  121  11:00  Marine, Siege Tank x2  
  121  11:01  Marine  
  121  11:02  Marine x2  
  121  11:03  Marine x3  
  104  11:05  Marine x2  
  87  11:18  Marine x2  
Tags
 
Add a new tag
Caveats
  • Supply blocks, unpowered buildings, or Contaminate may cause inaccurate times.
  • Supply counts are checked every 10 seconds.